 Dungeon Crawl Stone Soup version 0.30-a0-737-gf23d94013f (webtiles) character file.

Game seed: 2996614870531132817

14948 Gargoyl the Fighter (level 12, -2/79 HPs)
             Began as a Gargoyle Berserker on Feb 2, 2023.
             Was a Priest of Trog.
             Shot with an arrow by Nessos (8 damage)
             ... on level 3 of the Lair of Beasts.
             The game lasted 00:14:22 (9155 turns).

Gargoyl the Fighter (Gargoyle Berserker)            Turns: 9155, Time: 00:14:23

Health: -2/79      AC: 33    Str: 23    XL:     12   Next: 21%
Magic:  12/12      EV:  9    Int:  8    God:    Trog [***...]
Gold:   663        SH:  0    Dex: 11    Spells: 11/11 levels left

rFire   + + .      SeeInvis .    a - +6 hand axe (vamp)
rCold   . . .      Faith    .    (no shield)
rNeg    + . .      Spirit   .    z - +6 plate armour of the Cartwright {+Inv rElec Str-4}
rPois   ∞          Reflect  .    m - +1 helmet
rElec   +          Harm     .    w - +0 cloak
rCorr   +          Rampage  .    (no gloves)
Will    .....                    (no boots) Stlth
                                 (no amulet)
HPRegen 0.33/turn                y - ring "Sieps" {rF+ rCorr Str+3}
MPRegen 0.13/turn                e - ring of protection from fire

@: slowed, very slow
A: sickness immunity, AC +8, negative energy resistance 1, electricity
resistance, torment resistance 1, petrification resistance
a: Renounce Religion, Evoke Invisibility, Berserk, Trog's Hand


You were on level 3 of the Lair of Beasts.
You worshipped Trog.
Trog was most pleased with you.
You visited 2 branches of the dungeon, and saw 11 of its levels.

You collected 663 gold pieces.

Inventory:

Hand Weapons
 a - a +6 vampiric hand axe (weapon)
 o - a +0 flail of venom
 p - the +6 mace of the Shore {spect, Contam rElec rPois Str+6}
   (You found it on level 5 of the Dungeon)

   Str:       It affects your strength (+6).
   rElec:     It insulates you from electricity.
   rPois:     It protects you from poison.
   Contam:    It causes magical contamination when unequipped.
Missiles
 b - 5 poisoned darts (quivered)
 s - 2 throwing nets
Armour
 m - a +1 helmet (worn)
 w - a +0 cloak (worn)
 z - the +6 plate armour of the Cartwright (worn) {+Inv rElec Str-4}
   (You found it on level 3 of the Lair of Beasts)

   Str:       It affects your strength (-4).
   rElec:     It insulates you from electricity.
   +Inv:      It lets you turn invisible.
Jewellery
 e - a ring of protection from fire (right hand)
 y - the ring "Sieps" (left hand) {rF+ rCorr Str+3}
   (You found it on level 2 of the Lair of Beasts)

   [ring of resist corrosion]

   Str:       It affects your strength (+3).
   rF:        It protects you from fire.
   rCorr:     It protects you from acid and corrosion.
Wands
 d - a wand of light (9)
 f - a wand of flame (28)
 g - a wand of paralysis (7)
 t - a wand of mindburst (42)
 v - a wand of roots (10)
Scrolls
 i - 7 scrolls of identify
 l - 5 scrolls of teleportation
 q - a scroll of fear
 u - a scroll of enchant weapon
Potions
 h - 4 potions of might
 j - a potion of haste
 k - 4 potions of brilliance
 n - 2 potions of magic
 r - a potion of ambrosia {unknown}
 x - a potion of cancellation
 C - 2 potions of curing


   Skills:
 + Level 10.8 Fighting
 + Level 7.2(9.4) Axes
 + Level 10.3(11.4) Maces & Flails
 + Level 1.1 Throwing
 + Level 9.9 Armour
 + Level 6.1 Dodging
 + Level 2.9 Stealth


You had 11 spell levels left.
You didn't know any spells.
Your spell library was empty.

Dungeon Overview and Level Annotations

Branches:
Dungeon (8/15)             Temple (0/1) D:6            Lair (3/5) D:8
  Swamp (0/4) Lair:3
  Snake: Lair:2-3    Spider: Lair:2-3

Altars:
Fedhas
Kikubaaqudgha
Uskayaw
Vehumet
Zin

Shops:
D:5 [

Annotations:
Lair:1 2 transporters, exclusion: oklob plant, Syrassil's ghost, journeyman OgBe
Lair:3 Nessos


Innate Abilities, Weirdness & Mutations

You are immune to sickness and miasma.
Your stone body is resilient. (AC +8)
You are immune to poison.
You resist negative energy. (rN+)
You are resistant to electric shocks. (rElec)
You are resistant to unholy torment.
You are immune to petrification.


Message History

It stops flaming.
Nessos completely misses you. Nessos barely misses you.
Nessos intently looks at you, slowly moving their tail.
Nessos hits you but does no damage. Nessos kicks you but does no damage.
You completely miss Nessos.
Nessos is severely wounded.
Nessos hits you but does no damage. Nessos kicks you but does no damage.
Nessos barely misses you. Nessos kicks you but does no damage.
A black mamba comes into view.
Nessos hits you but does no damage. Nessos kicks you but does no damage.
The black mamba hisses angrily.
You slash Nessos!
Nessos is almost dead.
You hit the yak. Nessos hits you but does no damage. Nessos closely misses you.
Nessos mumbles some strange words.
Nessos blinks!
The yak gores you but does no damage.
Nessos wields a +2 longbow of flaming.
It bursts into flame!
Nessos shoots an arrow.
The arrow barely misses you.
Throw: 6 darts (poison)
Press: ? - help, Q - select action, (/) - cycle Shift-Dir - straight line, f/p - Nessos
Aim: Nessos, wielding a +2 longbow of flaming and wearing a +0 barding (almost dead, fast, very poisoned, 72% to hit)
You throw a poisoned dart. The poisoned dart hits Nessos.
Nessos looks as sick as possible!
Nessos is almost dead.
Nessos shoots an arrow.
The arrow hits you!
* * * LOW HITPOINT WARNING * * *
Nessos pounds the earth with their hooves.
Nessos casts a spell.
Nessos blinks!
Nessos shoots an arrow.
The arrow hits you.
* * * LOW HITPOINT WARNING * * *
The yak gores you but does no damage.
Unknown command.
You feel better.
Nessos shoots an arrow.
The arrow hits you but does no damage.
Nessos gestures wildly while chanting.
Nessos blinks!
Nessos shoots an arrow.
The arrow hits you but does no damage. The yak gores you!
* * * LOW HITPOINT WARNING * * *
The yak gores you!
* * * LOW HITPOINT WARNING * * *
Nessos shoots an arrow.
The arrow hits you!
You die...

§♣~..................
(§♣§~~...§.(............
..♣~§....(.(............
........#(..#c#.........
....( #...##.##..P..###.
......##.(...##...#####.
......#.....(##.........
....YYY#.....##.........
.. #@...((##.........
##.####.#...#..... #.##
#.#....#+.P..
Y.................#.####
.............^..........
........................
...§....................
..c...................<.
.(....§.................


You could see Nessos (fast, extremely poisoned) and 3 yaks.

Vanquished Creatures
  A bog body (Lair:3)
  Pikel (D:4)
  A manticore (D:8)
  3 black mambas
  4 cane toads
  2 rime drakes
  5 komodo dragons (Lair:2)
  3 polar bears (Lair:2)
  A hornet (D:8)
  11 blink frogs
  Sigmund (D:5)
  17 yaks
  3 basilisks (Lair:2)
  2 steam dragons (D:8)
  3 wyverns
  An acid dragon (D:8)
  2 water moccasins
  2 black bears
  3 ogres
  A sky beast (D:8)
  An ice beast (D:6)
  2 centaurs (D:8)
  A lemure (D:4)
  6 bullfrogs
  3 scorpions
  A gnoll sergeant (D:8)
  10 wights
  5 killer bees (D:7)
  A howler monkey (D:6)
  3 quasits (D:4)
  2 jellies
  2 gnoll boudas
  6 hounds
  2 iguanas
  13 gnolls
  5 adders
  A shadow imp (D:4)
  7 white imps
  3 ufetubi
  A worm (D:2)
  A dart slug (D:1)
  9 orcs
  8 ball pythons
  An endoplasm (D:1)
  4 giant cockroaches
  13 goblins
  10 hobgoblins
  4 jackals (D:1)
  5 quokkas
  4 bats
  3 frilled lizards
  4 kobolds
  4 rats
212 creatures vanquished.

Vanquished Creatures (others)
  A demonic plant (D:4)
  11 fungi
  17 plants
29 creatures vanquished.

Grand Total: 241 creatures vanquished

Notes
Turn   | Place    | Note
-------+----------+-------------------------------------------
     0 | D:1      | Gargoyl the Gargoyle Berserker began the quest for the Orb.
     0 | D:1      | Reached XP level 1. HP: 14/14 MP: 1/1
    74 | D:1      | Reached XP level 2. HP: 15/19 MP: 2/2
   207 | D:1      | Reached XP level 3. HP: 23/23 MP: 3/3
   688 | D:2      | Found a faded altar of an unknown god.
   910 | D:2      | Identified the +0 robe "Onix" {*Slow rElec Str+3 Int+3}
  1125 | D:2      | Reached XP level 4. HP: 28/28 MP: 4/4
  1342 | D:3      | Reached ** piety under Trog
  1545 | D:3      | Found a radiant altar of Vehumet.
  1958 | D:4      | Reached XP level 5. HP: 28/33 MP: 5/5
  1966 | D:4      | Reached skill level 1 in Stealth
  2169 | D:4      | Noticed an ogre
  2174 | D:4      | Killed an ogre
  2175 | D:4      | Reached XP level 6. HP: 38/38 MP: 6/6
  2417 | D:4      | Lost dexterity.
  2491 | D:4      | Identified the +1 sling "Hoshi" {freeze, rN+ MP+9}
  2734 | D:4      | Reached XP level 7. HP: 33/44 MP: 7/7
  2958 | D:5      | Entered Level 5 of the Dungeon
  2965 | D:5      | Found Souris's Armour Shoppe.
  3354 | D:5      | Noticed Pikel
  3374 | D:4      | Reached skill level 5 in Fighting
  3384 | D:4      | Killed Pikel
  3385 | D:4      | Reached XP level 8. HP: 19/50 MP: 8/8
  3507 | D:5      | Noticed Sigmund
  3525 | D:5      | Killed Sigmund
  3874 | D:5      | Identified the +6 mace of the Shore {spect, Contam rElec
                  | rPois Str+6}
  4112 | D:6      | Found a glowing silver altar of Zin.
  4130 | D:6      | Noticed a yak
  4150 | D:5      | Killed a yak
  4203 | D:6      | Noticed a yak
  4203 | D:6      | Noticed a yak
  4203 | D:6      | Noticed a yak
  4223 | D:6      | Killed a yak
  4224 | D:6      | Reached XP level 9. HP: 31/55 MP: 9/9
  4230 | D:6      | HP: 2/56 [yak (1)]
  4364 | D:6      | Found a staircase to the Ecumenical Temple.
  4419 | D:6      | Reached skill level 5 in Maces & Flails
  4665 | D:6      | Found a hide-covered altar of Uskayaw.
  4756 | D:6      | Found an ancient bone altar of Kikubaaqudgha.
  5473 | D:8      | Found a staircase to the Lair.
  5706 | D:8      | Reached XP level 10. HP: 64/64 MP: 10/10
  5769 | D:8      | Noticed a manticore
  5778 | D:8      | Killed a manticore
  5909 | D:8      | Reached *** piety under Trog
  6145 | D:8      | Reached skill level 5 in Dodging
  6439 | Lair:1   | Entered Level 1 of the Lair of Beasts
  6507 | Lair:1   | Found a blossoming altar of Fedhas.
  6533 | Lair:1   | Noticed an oklob plant
  6666 | Lair:1   | Noticed a black mamba
  6679 | Lair:1   | Killed a black mamba
  6845 | Lair:1   | Found a transporter.
  6848 | Lair:1   | Noticed a four-headed hydra
  6856 | Lair:1   | Found a transporter.
  6864 | Lair:1   | Noticed Syrassil's ghost (journeyman OgBe)
  6991 | Lair:1   | Noticed a cane toad
  6994 | Lair:1   | Killed a cane toad
  6995 | Lair:1   | Reached XP level 11. HP: 71/71 MP: 11/11
  7585 | Lair:2   | Reached skill level 10 in Maces & Flails
  7781 | Lair:2   | Reached skill level 10 in Fighting
  7788 | Lair:2   | Reached skill level 5 in Axes
  8149 | Lair:2   | Identified the ring "Sieps" {rF+ rCorr Str+3}
  8509 | Lair:2   | Reached XP level 12. HP: 53/78 MP: 12/12
  8962 | Lair:3   | Identified the +6 plate armour of the Cartwright {+Inv
                  | rElec Str-4}
  9108 | Lair:3   | Found a staircase to the Swamp.
  9112 | Lair:3   | Noticed Nessos
  9151 | Lair:3   | Reached skill level 1 in Throwing
  9155 | Lair:3   | Shot with an arrow by Nessos

Illustrated notes

Levels and vault maps discovered:
D:1:      minmay_arrival_radiant_lines, layout_basic
D:2:      layout_rooms, basic_ecumenical_altar, serial_park_tiny_pond
D:3:      layout_basic, nicolae_overflow_crystal_walls, grunt_decor_mini_mirrors
D:4:      cheibrodos_greedy_goblins, layout_loops_ring, serial_demonic,
          serial_demonic_d, serial_demonic_a, serial_demonic_e,
          serial_demonic_f, serial_demonic_b, serial_demonic_d,
          serial_demonic_c, serial_demonic_d
D:5:      layout_cave_pools, serial_shops, nicolae_shop_stone,
          cheibrodos_sewer_entry_drain, corexii_checkpoint_b, uniq_pikel,
          uniq_sigmund
D:6:      lemuel_ice_spiral_2, layout_rooms, mainiacjoe_overflow_chevrons,
          mainiacjoe_overflow_catch_the_wave,
          minmay_temple_entry_drinking_statues
D:7:      layout_basic, serial_rivers, chequers_serial_rivers_micro_d,
          chequers_serial_rivers_micro_d, chequers_serial_rivers_micro_e,
          chequers_serial_rivers_room_a, patterned_corridor
D:8:      minmay_opposing_rooms, layout_basic, lair_entry_dummy,
          kennysheep_crisscross
Lair:1:   layout_loops_ring, gammafunk_ghost_berserking_beasts,
          chequers_serial_rivers_micro_b, tgw_fedhas
Lair:2:   layout_regular_city, grunt_megastairs_5, serial_bayou_shore_a
Lair:3:   layout_regular_city, skrybe_swamp_entry_bodies,
          guppyfry_snake_entry_garden, eino_small_chamber_without_monster,
          minmay_stone_trees_small, lemuel_fruit_tree, uniq_nessos

Skill      XL: |  1  2  3  4  5  6  7  8  9 10 11 12 |
---------------+-------------------------------------+-----
Axes           | 3 4 6 7 |  7.2
Dodging        | 2 3 4 5 6 |  6.1
Stealth        | 1 2 |  2.9
Fighting       | 4 5 6 8 9 10 | 10.8
Armour         | 3 4 6 7 8 9 |  9.9
Maces & Flails | 2 4 7 9 10 | 10.3
Throwing       | 1 |  1.1

Action                     |  1- 3 |  4- 6 |  7- 9 | 10-12 || total
---------------------------+-------+-------+-------+-------++-------
  Melee: Hand axe          |   118 |   117 |       |   178 ||   413
         Flail             |       |    76 |   113 |       ||   189
         Punch             |       |     1 |     1 |     6 ||     8
         Mace              |       |       |   118 |   160 ||   278
  Throw: Dart              |       |     1 |       |    25 ||    26
 Invoke: Berserk           |     2 |     4 |     3 |     3 ||    12
         Trog's Hand       |       |     3 |     4 |     6 ||    13
    Use: Scroll            |     5 |     1 |     4 |    15 ||    25
         Potion            |       |     2 |     1 |     4 ||     7
   Stab: Distracted        |       |       |       |     1 ||     1
 Armour: Animal skin       |    19 |       |       |       ||    19
         Ring mail         |    26 |   266 |   235 |   166 ||   693
         Skin              |       |     8 |       |       ||     8
         Plate armour      |       |       |       |    28 ||    28
  Dodge: Dodged            |    81 |   181 |   107 |   267 ||   636

Table legend: (Time is in decaauts)
 A = Elapsed time spent in this place.
 B = Non-inter-level travel time spent in this place.
 C = Inter-level travel time spent in this place.
 D = Time resting spent in this place.
 E = Time spent auto-exploring this place.
 F = Levels seen in this place.
 G = Mean time per level.
                   A        B        C        D        E       F      G
               +--------+--------+--------+--------+--------+-----+--------+
         Total |   9792 |   9542 |    250 |    738 |   6328 |  11 |  890.2 |
       Dungeon |   7079 |   6922 |    157 |    579 |   4401 |   8 |  884.9 |
          Lair |   2712 |   2619 |     93 |    159 |   1926 |   3 |  904.0 |
               +--------+--------+--------+--------+--------+-----+--------+

Top non-repeatable levels by time:
     D:4: 1887 daAuts
  Lair:2: 1321 daAuts
  Lair:1: 1034 daAuts
     D:8: 980 daAuts
     D:5: 896 daAuts
     D:3: 756 daAuts
     D:1: 703 daAuts
     D:6: 684 daAuts
     D:7: 635 daAuts
     D:2: 537 daAuts
  Lair:3: 356 daAuts
